 Dungeon Crawl Stone Soup version 0.21.1-1-g345015f (webtiles) character file.

1150 Monsterracer the Insei (level 8, -3/54 HPs)
             Began as an Octopode Wanderer on June 22, 2018.
             Was an Initiate of Dithmenos.
             Slain by Duvessa
             ... wielding a +0 short sword
              (8 damage)
             ... on level 5 of the Dungeon.
             The game lasted 00:05:52 (5531 turns).

Monsterracer the Insei (Octopode Wanderer)          Turns: 5531, Time: 00:05:53

Health: -3/54      AC:  1    Str: 12    XL:     8   Next: 38%
Magic:  8/8        EV: 12    Int: 14    God:    Dithmenos [......]
Gold:   235        SH:  0    Dex: 13    Spells: 7/7 levels left

rFire    . . .     SeeInvis +     - Unarmed
rCold    . . .     Gourm    .   a - +0 shield
rNeg     . . .     Faith    .   (helmet restricted)
rPois    .         Spirit   .   (no amulet)
rElec    .         Reflect  .   r - ring of see invisible
rCorr    .         Harm     .   (no ring)
MR       .....                  (no ring)
Stlth    ++........             (no ring)
HPRegen  0.18/turn              (no ring)
MPRegen  0.11/turn              (no ring)
                                (no ring)
                                (no ring)

@: confused
A: almost no armour, stealthy swim, amphibious, 8 rings, constrict 8, camouflage
1, gelatinous body 1
a: Renounce Religion


You were on level 5 of the Dungeon.
You worshipped Dithmenos.
Dithmenos was noncommittal.
You were not hungry.

You visited 1 branch of the dungeon, and saw 6 of its levels.

You collected 235 gold pieces.

Inventory:

Hand Weapons
 b - a +2 dagger of venom
Armour
 a - a +0 shield (worn)
Jewellery
 r - a ring of see invisible (left tentacle)
Wands
 j - a wand of polymorph (12)
Scrolls
 d - 3 scrolls of teleportation
 e - a scroll of magic mapping {unknown}
 f - a scroll of fear {!r}
 i - a scroll of amnesia
Potions
 h - a potion of might
 k - a potion of cancellation {unknown}
 l - 2 potions of curing
 m - a potion of degeneration {unknown}
 o - a potion of invisibility
 p - a potion of ambrosia {!q}
Comestibles
 c - 4 rations


   Skills:
 + Level 4.7 Fighting
   Level 1.0 Staves
   Level 4.0 Bows
 - Level 1.0 Throwing
 + Level 3.1 Dodging
 + Level 3.0 Stealth
 + Level 4.2 Shields
 * Level 6.5 Unarmed Combat


You had 7 spell levels left.
You didn't know any spells.

Dungeon Overview and Level Annotations

Branches:
Dungeon (6/15)             Temple (0/1) D:5

Altars:
Ashenzari
Cheibriados
Dithmenos
Fedhas
Kikubaaqudgha
Makhleb
Ru
Trog
Xom
Zin
The Shining One

Annotations:
D:5 Duvessa, Prince Ribbit


Innate Abilities, Weirdness & Mutations

You cannot wear most types of armour.
You are very stealthy in the water. (Stealth+)
You are amphibious.
You can wear up to eight rings at the same time.
You can use your tentacles to constrict eight enemies at once.
Your skin changes colour to match your surroundings (Stealth+).
Your rubbery body absorbs attacks. (AC +1, EV +1)


Message History

A worker ant comes into view.
An orc comes into view. It is wielding a mace.
There is a stone staircase leading up here.
The worker ant twitches its antennae in your direction.
The orc shouts!
You bludgeon the orc!
You kill the orc!
Dithmenos accepts your kill.
You barely miss Dowan. Your grab misses Dowan. You block Dowan's attack.
You block the worker ant's attack.
You barely miss the worker ant. Your grab misses the worker ant.
The worker ant completely misses you.
You closely miss the worker ant. You grab the worker ant.
You squeeze the worker ant!
The worker ant is heavily wounded.
You constrict the worker ant. The worker ant closely misses you.
You completely miss the worker ant.
The worker ant is heavily wounded.
You constrict the worker ant. The worker ant bites you!
You are poisoned.
The worker ant poisons you! You block Duvessa's attack.
You take 7 damage, and have 47/54 hp.
You tentacle-slap Duvessa but do no damage.
You grab Duvessa. You constrict Duvessa. You constrict the worker ant.
You feel sick. The worker ant bites you.
Dowan gestures wildly while chanting.
Dowan blinks!
Duvessa closely misses you.
You take 3 damage, and have 44/54 hp.
You tentacle-slap Duvessa but do no damage.
Duvessa is lightly wounded.
You constrict Duvessa, but do no damage.
You constrict the worker ant. You block the worker ant's attack.
You block Duvessa's attack.
You tentacle-slap Duvessa.
Duvessa is lightly wounded.
You constrict Duvessa, but do no damage.
You constrict the worker ant.
You kill the worker ant!
Dithmenos accepts your kill.
You feel sick. Duvessa hits you with a short sword.
You take 6 damage, and have 38/54 hp.
You tentacle-slap Dowan. You grab Dowan. You squeeze Dowan.
Dowan is moderately wounded.
You constrict Duvessa, but do no damage.
You constrict Dowan. Dowan hits you with a dagger. Duvessa closely misses you.
You take 3 damage, and have 35/54 hp.
You bludgeon Dowan!
Dowan is severely wounded.
You constrict Duvessa. You constrict Dowan. Dowan hits you but does no damage.
Duvessa completely misses you.
You tentacle-slap Duvessa.
Duvessa is lightly wounded.
You constrict Duvessa. You constrict Dowan.
You feel sick.
You take 1 damage, and have 34/54 hp.
You tentacle-slap Duvessa.
Duvessa is moderately wounded.
You constrict Duvessa. You constrict Dowan.
You kill Dowan!
Dithmenos accepts your kill.
Dithmenos appreciates your extinguishing a source of fire.
Duvessa weeps, then rights herself and shakes her weapon.
Duvessa goes berserk!
Your Stealth skill increases to level 3!
Duvessa hits you with a short sword!
* * * LOW HITPOINT WARNING * * *
Duvessa barely misses you.
You take 8 damage, and have 26/54 hp.
You tentacle-slap Duvessa.
Duvessa is moderately wounded.
You constrict Duvessa, but do no damage.
Duvessa hits you with a short sword.
* * * LOW HITPOINT WARNING * * *
A quokka comes into view.
You take 5 damage, and have 21/54 hp.
Prince Ribbit gives a loud, deep croak!
You tentacle-slap Duvessa but do no damage.
Duvessa is moderately wounded.
You constrict Duvessa.
You feel sick.
You hear an angry hiss.
Duvessa hits you with a short sword!
* * * LOW HITPOINT WARNING * * *
Prince Ribbit blinks!
You block Duvessa's attack.
You take 13 damage, and have 8/54 hp.
MASSIVE DAMAGE!!
You feel better.
You constrict Duvessa. Duvessa closely misses you.
You regained 8 hp, and now have 16/54 hp.
You barely miss Duvessa.
Duvessa is heavily wounded.
You constrict Duvessa! Duvessa hits you with a short sword!
* * * LOW HITPOINT WARNING * * *
Duvessa closely misses you.
You take 15 damage, and have 1/54 hp.
MASSIVE DAMAGE!!
Really quaff
p - 2 potions of ambrosia {!q}?
You are confused.
You feel invigorated.
You constrict Duvessa. Duvessa closely misses you.
You regained 4 hp, and now have 5/54 hp.
Unknown command.
You constrict Duvessa. Duvessa hits you with a short sword.
* * * LOW HITPOINT WARNING * * *
Duvessa hits you with a short sword!
You die...

#######.# #..≈≈≈≈≈≈.
PP##..... ...≈≈≈≈≈≈.>.≈≈≈≈
_P##.##.# #..≈≈≈≈≈≈...≈≈≈≈
PP##.##.# #...≈≈≈≈≈≈≈≈≈≈≈≈
####.##.# #.....≈≈≈≈≈≈≈≈≈.
##.#.##.# #.......≈≈≈≈≈..e
.....##.#####..............F
##..............†##.#e......
######)#######)@##..# #)#
#)#e#.## #)# #.##r## #.#
#.##.# #.# #.##.# #.# #.##.#
#.# #.##.# #.# #.##.# #.#
#..


You could see Duvessa (berserk) and a quokka.

Vanquished Creatures
  Grinder (D:4)
  An eye of draining (D:4)
  An ogre (D:4)
  2 centaurs
  Blork the orc (D:5)
  Dowan (D:5)
  A scorpion (D:4)
  A centaur skeleton (D:5)
  Jessica (D:2)
  An iguana (D:4)
  Terence (D:2)
  2 orc wizards (D:5)
  Natasha (thrice) (D:2)
  2 worker ants
  A mummy (D:5)
  4 adders
  5 gnolls
  An adder zombie (D:5)
  7 dart slugs
  4 worms (D:2)
  5 leopard geckos
  5 orcs
  A giant cockroach (D:1)
  7 goblins
  3 hobgoblins
  7 jackals
  2 quokkas
  A ball python (D:2)
  5 bats
  2 frilled lizards
  A giant cockroach zombie (D:5)
  14 kobolds
  A leopard gecko skeleton (D:4)
  6 rats
101 creatures vanquished.

Notes
Turn   | Place    | Note
-------+----------+-------------------------------------------
     0 | D:1      | Monsterracer the Octopode Wanderer began the quest for the Orb.
     0 | D:1      | Monsterracer set off with: a +0 shield, a +0 hand axe, a ration, a scroll of teleportation
     0 | D:1      | Reached XP level 1. HP: 16/16 MP: 1/1
   149 | D:1      | Reached skill level 1 in Unarmed Combat
   253 | D:1      | Reached XP level 2. HP: 16/21 MP: 2/2
   456 | D:1      | Reached skill level 2 in Unarmed Combat
   577 | D:1      | Reached XP level 3. HP: 15/26 MP: 3/3
   818 | D:1      | Reached skill level 3 in Unarmed Combat
   909 | D:2      | Noticed Natasha
   917 | D:2      | Killed Natasha
   917 | D:2      | Reached XP level 4. HP: 31/31 MP: 4/4
  1025 | D:2      | Noticed Jessica
  1030 | D:2      | Killed Jessica
  1127 | D:2      | Noticed Natasha
  1140 | D:2      | Killed Natasha
  1140 | D:2      | Reached XP level 5. HP: 33/36 MP: 5/5
  1191 | D:2      | Noticed Natasha
  1198 | D:2      | Killed Natasha
  1198 | D:2      | Reached skill level 4 in Unarmed Combat
  1477 | D:2      | Noticed Terence
  1485 | D:2      | Killed Terence
  2430 | D:3      | Reached XP level 6. HP: 34/42 MP: 6/6
  2551 | D:3      | Found a shimmering altar of Xom.
  3105 | D:4      | Noticed Grinder
  3107 | D:4      | HP: 5/42 [ogre/giant club (28)]
  3108 | D:4      | Reached skill level 1 in Dodging
  3108 | D:4      | Paralysed by Grinder for 6 turns
  3384 | D:4      | Paralysed by Grinder for 3 turns
  3390 | D:4      | Killed Grinder
  3390 | D:4      | Reached skill level 5 in Unarmed Combat
  3390 | D:4      | Reached XP level 7. HP: 35/48 MP: 7/7
  3510 | D:4      | HP: 23/48 [centaur (8)]
  3516 | D:4      | HP: 9/48 [centaur (4)]
  3793 | D:4      | Found a sacrificial altar of Ru.
  3980 | D:4      | Reached skill level 1 in Stealth
  3988 | D:4      | Became a worshipper of Ru the Awakened
  3989 | D:4      | HP: 24/48 [poisoned by a scorpion]
  3994 | D:4      | HP: 21/48 [poisoned by a scorpion]
  4000 | D:4      | HP: 19/48 [poisoned by a scorpion]
  4006 | D:4      | HP: 18/48 [poisoned by a scorpion]
  4014 | D:4      | HP: 17/48 [poisoned by a scorpion]
  4234 | D:4      | Found a glowing silver altar of Zin.
  4238 | D:4      | Found a glowing golden altar of the Shining One.
  4244 | D:4      | Found a shadowy altar of Dithmenos.
  4245 | D:4      | Found a shattered altar of Ashenzari.
  4247 | D:4      | Found a burning altar of Makhleb.
  4259 | D:4      | Fell from the grace of Ru
  4259 | D:4      | Became a worshipper of Dithmenos the Shadowed
  4396 | D:4      | Found a bloodstained altar of Trog.
  4750 | D:5      | Entered Level 5 of the Dungeon
  4758 | D:5      | Found a snail-covered altar of Cheibriados.
  4865 | D:5      | Noticed Blork the orc
  4871 | D:5      | Killed Blork the orc
  4871 | D:5      | Reached skill level 6 in Unarmed Combat
  4871 | D:5      | Reached XP level 8. HP: 34/54 MP: 8/8
  4872 | D:5      | HP: 24/54 [centaur/arrow (10)]
  4877 | D:5      | HP: 16/54 [centaur (3)]
  5353 | D:5      | Found an ancient bone altar of Kikubaaqudgha.
  5354 | D:5      | Found a blossoming altar of Fedhas.
  5498 | D:5      | Found a staircase to the Ecumenical Temple.
  5501 | D:5      | Noticed Dowan
  5504 | D:5      | Noticed Duvessa
  5504 | D:5      | Noticed Prince Ribbit
  5525 | D:5      | Killed Dowan
  5525 | D:5      | HP: 26/54 [Duvessa/short sword (9)]
  5527 | D:5      | HP: 8/54 [Duvessa/short sword (12)]
  5529 | D:5      | HP: 1/54 [Duvessa/short sword (15)]
  5531 | D:5      | Slain by Duvessa

Skill      XL: |  1  2  3  4  5  6  7  8 |
---------------+-------------------------+-----
Unarmed Combat | 1 2 3 4 5 6 |  6.5
Shields        | 2 3 4 |  4.2
Dodging        | 1 2 3 |  3.1
Fighting       | 4 |  4.7
Stealth        | 2 3 |  3.0
Staves         | |  1.0
Bows           | |  4.0
Throwing       | |  1.0

Action                   |  1- 3 |  4- 6 |  7- 9 || total
-------------------------+-------+-------+-------++-------
Melee: Unarmed           |    48 |   113 |    99 ||   260
       Constrict         |    20 |    27 |    21 ||    68
       Hand axe          |     3 |       |       ||     3
       Tentacles         |    11 |    27 |    24 ||    62
       Punch             |       |       |     3 ||     3
  Use: Scroll            |       |       |     9 ||     9
       Potion            |       |       |     2 ||     2
 Stab: Sleeping          |     2 |    10 |     5 ||    17
  Eat: Chunk             |       |     7 |     4 ||    11
       Ration            |       |       |     1 ||     1
Armor: Skin              |     3 |     7 |     2 ||    12
Dodge: Dodged            |    18 |    29 |    38 ||    85
Block: Shield            |    12 |    34 |    38 ||    84

Vault maps used:
D:1:      dpeg_arrival_boxorama
D:2:      uniq_jessica, uniq_terence, uniq_natasha
D:3:      nicolae_overflow_crystal_walls
D:4:      minitemple, lemuel_crystal_altar, first_ration, trog_eyes_of_draining,
          uniq_grinder
D:5:      kennysheep_big_flooded_room, grunt_temple_overflow_growth_and_decay,
          slow_altar_1, lemuel_crystal_altar, temple_pool_b,
          minmay_misc_feat_rows, uniq_duvessa, uniq_blork_the_orc, uniq_edmund,
          uniq_prince_ribbit1
D:6:      marbit_many_paths, lemuel_tele_altar
